 Dungeon Crawl Stone Soup version 0.28-a0-1356-g2ad6d04315 (webtiles) character file.

Game seed: 1185416292794872994

49 gimp the Sneak (level 3, 0/29 HPs)
             Began as a Demigod Wanderer on Dec 30, 2021.
             Slain by a gnoll (8 damage)
             ... on level 1 of the Dungeon on Dec 31, 2021.
             The game lasted 00:03:06 (1666 turns).

gimp the Sneak (Demigod Wanderer)                   Turns: 1666, Time: 00:03:07

Health: 0/29       AC:  7    Str: 21    XL:     3   Next: 32%
Magic:  5/5        EV: 10    Int: 11    God:
Gold:   64         SH:  0    Dex: 12    Spells: 2/2 levels left

rFire   . . .      SeeInvis .   a - +0 dagger
rCold   . . .      Faith    .   (no shield)
rNeg    . . .      Spirit   .   g - +0 ring mail
rPois   .          Reflect  .   n - +1 helmet
rElec   .          Harm     .   (no cloak)
rCorr   .          Rampage  .   (no gloves)
Will    .....                   (no boots)
Stlth   ++........              (no amulet)
HPRegen 0.09/turn               (no ring)
MPRegen 0.09/turn               (no ring)

@: no status effects
A: high mp 1, forlorn, divine attributes
a: no special abilities


You were on level 1 of the Dungeon.
You visited 1 branch of the dungeon, and saw 1 of its levels.

You collected 64 gold pieces.

Inventory:

Hand Weapons
 a - a +0 dagger (weapon)
 d - a +0 hand crossbow
Missiles
 b - 2 atropa-tipped darts
 c - a datura-tipped dart
 e - 25 bolts
 f - 14 poisoned darts (quivered)
Armour
 g - a +0 ring mail (worn)
 n - a +1 helmet (worn)
Jewellery
 k - a +4 ring of protection
 m - an amulet of magic regeneration
Scrolls
 h - 3 scrolls of identify {unknown}
 j - a scroll of magic mapping {unknown}
 l - a scroll of holy word {unknown}
Potions
 i - a potion of brilliance {unknown}


   Skills:
 + Level 1.9 Fighting
 - Level 1.7 Crossbows
 + Level 3.5 Throwing
 - Level 1.0 Armour
 - Level 3.6 Stealth


You had 2 spell levels left.
You didn't know any spells.
Your spell library contained the following spells:

 Spells                   Type           Power      Damage    Failure   Level
 Dazzling Flash           Conj/Hex       0%         N/A       87%         3
 Iskenderun's Mystic Bla  Conj/Tloc      0%         2d3       99%         4
 Starburst                Conj/Fire      0%         6d3       100%        6


Dungeon Overview and Level Annotations

Branches:
Dungeon (1/15)


Innate Abilities, Weirdness & Mutations

You have an increased reservoir of magic. (+10% MP)
You shall have no god before yourself.
Your divine heritage dramatically boosts your attributes as you level up.


Message History

The gnoll is wielding a +2 flail of protection.
Health restored: 29
There are monsters nearby!
The frilled lizard hisses angrily.
The frilled lizard bites you but does no damage.
You hit the frilled lizard.
You kill the frilled lizard!
You hit the gnoll but do no damage. The gnoll closely misses you.
You barely miss the gnoll. The gnoll closely misses you.
You hit the gnoll.
The gnoll is moderately wounded.
The gnoll closely misses you.
You hit the gnoll but do no damage.
The gnoll is moderately wounded.
The gnoll barely misses you.
You hit the gnoll but do no damage.
The gnoll is moderately wounded.
The gnoll hits you with a +2 flail of protection!
You take 9 damage, and have 20/29 hp.
MASSIVE DAMAGE!!
You barely miss the gnoll.
The gnoll is moderately wounded.
The gnoll hits you with a +2 flail of protection!
You take 10 damage, and have 10/29 hp.
MASSIVE DAMAGE!!
You are too injured to fight recklessly!
You are too injured to fight recklessly!
The gnoll hits you with a +2 flail of protection.
* * * LOW HITPOINT WARNING * * *
You take 5 damage, and have 5/29 hp.
Things that are here:
a +0 dagger; a rat corpse You see here a rat corpse.
Really walk into that dispersal trap?
You enter a dispersal trap!
The endoplasm blinks!
You blink.
Throw: 15 darts (poison)
Press: ? - help, Q - select action, (/) - cycle Shift-Dir - straight line, f - gnoll
Aim: a gnoll, wielding a +2 flail of protection (lightly wounded, 61% to hit)
You throw a poisoned dart.
The poisoned dart closely misses the gnoll.
The gnoll hits you with a +2 flail of protection!
You die...

....# #.# #.......########.# #.
....♣####.# #..(.............###.
.......>#.# #....................
♣#♣.♣...(.###.....".######.######
.#.#................# #.#
.........###.####.### #.#
.#.#.....#.#.# #.# #.#
...J...##.##.####.# #.#
#......#.#.....g@.# #.#
#....##.##....##### #.#
.)...#.#...J.## #.#
.####.##..#### #.#
.#...#...####### #.# .#...#..##
#...###########.#
.#...#...###.#......).†....#
.####)##..##...#############
.....#.#...##.##


You could see a gnoll and an endoplasm.

Vanquished Creatures
  A gnoll (D:1)
  2 dart slugs (D:1)
  2 ball pythons (D:1)
  2 giant cockroaches (D:1)
  5 goblins (D:1)
  2 hobgoblins (D:1)
  2 kobolds (D:1)
  6 quokkas (D:1)
  2 bats (D:1)
  2 frilled lizards (D:1)
  7 rats (D:1)
33 creatures vanquished.

Vanquished Creatures (others)
  2 plants (D:1)
2 creatures vanquished.

Grand Total: 35 creatures vanquished

Notes
Turn   | Place    | Note
-------+----------+-------------------------------------------
     0 | D:1      | gimp the Demigod Wanderer began the quest for the Orb.
     0 | D:1      | gimp set off with the following items: a +0 dagger, 2
                  | atropa-tipped darts, a datura-tipped dart, a +0 hand
                  | crossbow, 25 bolts, 15 poisoned darts, a +0 dagger, a +0
                  | leather armour
     0 | D:1      | Reached XP level 1. HP: 14/14 MP: 3/3
   338 | D:1      | Reached skill level 1 in Fighting
   368 | D:1      | Reached XP level 2. HP: 22/23 MP: 4/4
   908 | D:1      | Reached XP level 3. HP: 17/28 MP: 5/5
  1666 | D:1      | Slain by a gnoll

Illustrated notes

Levels and vault maps discovered:
D:1:      elethiomel_arrival_quiet, layout_loops_ring, serial_forest,
          infiniplex_forest_3_way, infiniplex_forest_3_way,
          infiniplex_forest_straight_1, infiniplex_forest_zigzag_2,
          infiniplex_forest_lined_2, infiniplex_forest_corner_2,
          infiniplex_forest_zigzag_1, infiniplex_forest_lined_room_3,
          roderic_cross_of_infinity, minmay_vboxes

Skill      XL: |  1 |
---------------+----+-----
Throwing       | 3 |  3.5
Fighting       | 1 |  1.9
Crossbows      | |  1.7
Armour         | |  1.0
Stealth        | |  3.6

Action                   || total
-------------------------++-------
Melee: Dagger            ||   188
Throw: Dart              ||     2
 Stab: Sleeping          ||     2
Armor: Ring mail         ||    68
       Leather armour    ||     9
Dodge: Dodged            ||    99

Table legend: (Time is in decaauts)
 A = Elapsed time spent in this place.
 B = Non-inter-level travel time spent in this place.
 C = Inter-level travel time spent in this place.
 D = Time resting spent in this place.
 E = Time spent auto-exploring this place.
 F = Levels seen in this place.
 G = Mean time per level.
                   A        B        C        D        E       F      G
               +--------+--------+--------+--------+--------+-----+--------+
         Total |   1665 |   1665 |      0 |    241 |   1012 |   1 | 1665.0 |
       Dungeon |   1665 |   1665 |      0 |    241 |   1012 |   1 | 1665.0 |
               +--------+--------+--------+--------+--------+-----+--------+

Top non-repeatable levels by time:
     D:1: 1665 daAuts
